 Dungeon Crawl Stone Soup version 0.25.0-1-g7eea58d2a3 (console) character file.

Game seed: 6913487224019615630

4 bli the Skirmisher (level 1, 0/18 HPs)
             Began as a Formicid Abyssal Knight on June 14, 2020.
             Was an Initiate of Lugonu.
             Slain by a leopard gecko (3 damage)
             ... on level 1 of the Dungeon.
             The game lasted 00:02:21 (428 turns).

bli the Skirmisher (Formicid Abyssal Knight)         Turns: 428, Time: 00:02:21

Health: 0/18       AC:  3    Str: 16    XL:     1   Next: 66%
Magic:  0/2        EV: 11    Int:  7    God:    Lugonu [......]
Gold:   49         SH:  0    Dex: 10    Spells: 0/0 levels left

rFire    . . .     SeeInvis +   a - +1 falchion
rCold    . . .     Gourm    .   (no shield)
rNeg     . . .     Faith    .   b - +0 leather armour
rPois    .         Spirit   +   (helmet unavailable)
rElec    .         Reflect  .   (no cloak)
rCorr    .         Harm     .   (no gloves)
MR       .....                  (no boots)
Stlth    +.........             g - amulet of guardian spirit
HPRegen  0.06/turn              (no ring)
MPRegen  0.08/turn              (no ring)

@: no status effects
A: permanent stasis, dig shafts and tunnels, four strong arms, antennae 3,
[blurry vision 2], [dopey 2]
a: Dig, Shaft Self, Renounce Religion


You were on level 1 of the Dungeon.
You worshipped Lugonu.
Lugonu was noncommittal.
You were not hungry.

You visited 1 branch of the dungeon, and saw 1 of its levels.
You visited the Abyss 1 time.

You collected 49 gold pieces.

Inventory:

Hand Weapons
 a - a +1 falchion (weapon)
Armour
 b - a +0 leather armour (worn)
 d - a +0 scale mail
 i - a +0 ring mail
Jewellery
 g - an amulet of guardian spirit (around neck)
Potions
 e - a potion of brilliance {unknown}
 h - a potion of cancellation {unknown}
Comestibles
 c - 2 rations


   Skills:
 + Level 3.4 Fighting
 + Level 2.0 Long Blades
 + Level 2.4 Armour
 + Level 0.8 Dodging
 + Level 2.1 Invocations


You couldn't memorise any spells.
You didn't know any spells.
Your spell library was empty.

Dungeon Overview and Level Annotations

Branches:
Dungeon (1/15)

Altars:


Innate Abilities, Weirdness & Mutations

You cannot be hasted, slowed, berserked, paralysed or teleported.
You can dig through walls and to a lower floor.
Your four strong arms can wield two-handed weapons with a shield.
You have a pair of large antennae on your head. (SInv)
[Scrolls take you longer to read.]
[You are very dopey. (Int -4)]


Message History

The leopard gecko barely misses you.
You see here a stone.
You miss the leopard gecko.
The leopard gecko is moderately wounded.
The leopard gecko bites you.
* * * LOW HITPOINT WARNING * * *
You hit the leopard gecko.
The leopard gecko is almost dead.
The leopard gecko bites you.
* * * LOW HITPOINT WARNING * * *
The leopard gecko bites you but does no damage.
You closely miss the leopard gecko.
The leopard gecko is almost dead.
The leopard gecko bites you but does no damage.
You miss the leopard gecko.
The leopard gecko is almost dead.
The leopard gecko barely misses you.
You riposte.
You closely miss the leopard gecko.
The leopard gecko is almost dead.
The leopard gecko bites you.
You die...

#...###.... #..........
#...#...... # ##.##.####.
#. # #.##.# #. #. .#
#.##.## #. #.###w #.....#
#. #.... ####..# #. ##..#
##..###.
####..w###########.......
+.....Kl@............>...
####...###########...####
##..# ##.## # ..... #.#
#..... #.# #..!.. #.#
##.#### #.##### #.
#...... #..#### #..####
#....>.


You could see a dart slug, a leopard gecko and a kobold.

Vanquished Creatures
  A goblin (D:1)
  A hobgoblin (D:1)
  A frilled lizard (D:1)
  A kobold (D:1)
4 creatures vanquished.

Notes
Turn   | Place    | Note
-------+----------+-------------------------------------------
     0 | Abyss:1  | bli the Formicid Abyssal Knight began the quest for the
                  | Orb.
     0 | Abyss:1  | Reached XP level 1. HP: 18/18 MP: 2/2
    36 | Abyss:2  | Noticed a bone dragon
    49 | Abyss:2  | Noticed a wretched star
    53 | D:1      | Escaped the Abyss
   428 | D:1      | Slain by a leopard gecko

Illustrated notes

Levels and vault maps discovered:
D:1:      dpeg_arrival_fog, layout_loops_corners

Action                   || total
-------------------------++-------
Melee: Falchion          ||    19
Invok: Depart the Abyss  ||     1
Armor: Leather armour    ||     6
Dodge: Dodged            ||    11
       Rpst.: Falchion   ||     3
